 Dungeon Crawl Stone Soup version 0.29.1-13-g9f3cf754e1 (webtiles) character file.

Game seed: 3741016456091948713

51 croobank the Sneak (level 3, -1/26 HPs)
             Began as an Octopode Delver on Feb 10, 2023.
             Slain by Natasha (3 damage)
             ... on level 3 of the Dungeon.
             The game lasted 00:05:03 (1123 turns).

croobank the Sneak (Octopode Delver)                Turns: 1123, Time: 00:05:03

Health: -1/26      AC:  1    Str: 10 (11) XL:     3   Next: 83%
Magic:  3/3        EV: 13    Int: 13 (14) God:
Gold:   77         SH:  0    Dex: 11 (13) Spells: 2/2 levels left

rFire   . . .      SeeInvis .   a - +0 hand axe
rCold   . . .      Faith    .   (no shield)
rNeg    . . .      Spirit   .   (helmet restricted)
rPois   .          Reflect  .   (no amulet)
rElec   .          Harm     .   (no ring)
rCorr   .          Rampage  .   (no ring)
Will    .....                   (no ring)
Stlth   ++++......              (no ring)
HPRegen 0.08/turn               (no ring)
MPRegen 0.08/turn               (no ring)
                                (no ring)
                                (no ring)

@: slowed, very slow
A: almost no armour, amphibious, 8 rings, camouflage 1, gelatinous body 1,
(nimble swimmer 1), tentacles
a: no special abilities


You were on level 3 of the Dungeon.
You visited 1 branch of the dungeon, and saw 5 of its levels.

You collected 77 gold pieces.

Inventory:

Hand Weapons
 a - a +0 hand axe (weapon)
 g - a +0 dagger
 i - a +0 spear
Missiles
 h - 18 stones (quivered)
Wands
 f - a wand of digging (3)
 j - a wand of flame (13)
Scrolls
 b - a scroll of fog
 c - a scroll of magic mapping
 d - a scroll of amnesia {unknown}
 l - a scroll of identify {unknown}
Potions
 e - a potion of haste


   Skills:
 + Level 3.4 Fighting
 + Level 2.6 Axes
 + Level 2.6 Dodging
 + Level 7.0 Stealth


You had 2 spell levels left.
You didn't know any spells.
Your spell library was empty.

Dungeon Overview and Level Annotations

Branches:
Dungeon (7/15)
 Temple: D:4-7

Altars:

Shops:
D:6 =

Annotations:
D:3 Natasha
D:6 Prince Ribbit


Innate Abilities, Weirdness & Mutations

You cannot wear most types of armour.
You are amphibious.
You can wear up to eight rings at the same time.
Your skin changes colour to match your surroundings (Stealth+).
Your rubbery body absorbs attacks. (AC +1, EV +1)
((You are camouflaged when in or above water. (Stealth+)))
You have tentacles for arms and can constrict up to eight enemies at once.


Message History

The kobold is heavily wounded.
The kobold hits you but does no damage.
Natasha, Servant of Life and Death comes into view.
The kobold hits you but does no damage.
You hit the kobold but do no damage.
The kobold is heavily wounded.
Natasha stares at you and mumbles some strange words.
You resist with significant effort.
The kobold hits you but does no damage. x2
Aiming: Throw Flame
Press: ? - help, Shift-Dir - straight line, f - Natasha
Aim: Natasha (60% to hit)
The puff of flame hits Natasha!
Natasha is severely wounded.
Your transformation is almost over.
The kobold hits you but does no damage.
You barely miss Natasha.
Natasha is severely wounded.
You barely miss the kobold. The kobold hits you but does no damage.
Natasha claws you but does no damage. The kobold hits you but does no damage.
Natasha stares at you and mumbles some strange words.
You resist with significant effort.
You barely miss Natasha.
Natasha is severely wounded.
You barely miss the kobold. The kobold barely misses you.
Natasha stares at you and mumbles some strange words.
You feel as though you will be slow longer.
The kobold hits you but does no damage. Natasha claws you.
* * * LOW HITPOINT WARNING * * *
You closely miss Natasha.
Natasha is severely wounded.
You closely miss the kobold. The kobold hits you but does no damage.
Natasha claws you but does no damage. The kobold hits you but does no damage.
You closely miss Natasha.
Natasha is severely wounded.
You barely miss the kobold.
You feel less wooden. Natasha claws you.
* * * LOW HITPOINT WARNING * * *
The kobold closely misses you. Natasha claws you.
You die...

###. ... . ...
## .. #.# .#..
#.#...###
##.#.....#
#..)###.h #
##h#...# ..
#@#...###h.
####K#...#..#
#...g.###...#
#.#...#.....#.
#.####..K###..
#.......#...#
#.....###...#
#.##.#..#...#
# #.#...###..


You could see Natasha, a goblin and a kobold.

Vanquished Creatures
  Natasha (D:3)
  An adder (D:4)
  2 bats (D:3)
  2 endoplasms (D:3)
  A giant cockroach (D:4)
  2 hobgoblins (D:3)
  A quokka (D:3)
  A frilled lizard (D:3)
  4 kobolds
  2 rats (D:3)
17 creatures vanquished.

Notes
Turn   | Place    | Note
-------+----------+-------------------------------------------
     0 | D:5      | croobank the Octopode Delver began the quest for the Orb.
     0 | D:5      | Reached XP level 1. HP: 16/16 MP: 1/1
     1 | D:6      | Found Xofunioh's Jewellery Emporium.
    10 | D:7      | Noticed a bullfrog
    14 | D:7      | Noticed a gnoll sergeant
    77 | D:6      | Noticed an ice beast
    78 | D:6      | Noticed Prince Ribbit
   365 | D:4      | Reached XP level 2. HP: 9/21 MP: 2/2
   372 | D:4      | HP: 1/21 [poisoned by an adder]
   779 | D:4      | Noticed a scorpion
  1090 | D:3      | Reached XP level 3. HP: 26/26 MP: 3/3
  1091 | D:3      | Noticed Natasha
  1110 | D:3      | Killed Natasha
  1111 | D:3      | Reached skill level 7 in Stealth
  1117 | D:3      | Noticed Natasha
  1123 | D:3      | Slain by Natasha

Illustrated notes

Levels and vault maps discovered:
D:3:      layout_rooms, overflow_temple_1_default, nicolae_titane, uniq_natasha
D:4:      layout_loops_corners, lemuel_tele_altar, minmay_temple_entry_statues
D:5:      layout_loops_corners
D:6:      layout_cave_pods, kennysheep_okawaru_gauntlet, serial_shops,
          nicolae_stop_n_shop_1, minmay_manual_moon, uniq_prince_ribbit1,
          uniq_menkaure
D:7:      layout_rooms, kennysheep_orc_sif_temple

Skill      XL: |  1  2  3 |
---------------+----------+-----
Stealth        | 7 |  7.0
Fighting       | |  3.4
Axes           | |  2.6
Dodging        | |  2.6

Action                   || total
-------------------------++-------
Melee: Hand axe          ||    39
       Constrict         ||     8
       Tentacles         ||     4
Evoke: Wand              ||     7
  Use: Scroll            ||     1
       Potion            ||     2
 Stab: Sleeping          ||     3
Armor: Skin              ||    37
Dodge: Dodged            ||    17
